Map: Ruins of Endion

Players

Miszu

  • Race: Terran Terran
  • League: Master

Lobo - Winner!

  • Race: Terran Terran
  • League: Master

VOD

Have the link to the VOD?

Description

Time

  • Played on: April 3, 2016, 6:20 p.m.
  • Length: 20:35
Show
View Real Time Build Order
Export as new Build Order

Miszu Terran 

Build Orders: 1/1/1, Bio Tank, Banshee Rush 

Get SALT Encoding   

  12  0:00  SCV  
  13  0:12  SCV  
  14  0:19  Supply Depot  
  14  0:25  SCV  
  14  0:27  Refinery  
  15  0:40  SCV  
  16  0:49  Barracks  
  16  0:52  SCV  
  17  1:04  SCV  
  17  1:07  Refinery  
  18  1:16  SCV  
  19  1:29  SCV  
  20  1:38  Factory  
  20  1:41  Orbital Command  
  20  1:43  Reaper  
  21  1:49  Supply Depot  
  21  2:06  SCV  
  22  2:15  Reaper  
  23  2:19  SCV  
  23  2:22  Hellion  
  26  2:24  Starport  
  26  2:31  SCV  
  26  2:36  Supply Depot  
  27  2:43  Hellion  
  29  2:48  Barracks Tech Lab  
  29  2:51  SCV  
  30  2:59  Supply Depot  
  30  3:03  SCV  
  30  3:17  Cloaking Field, Banshee  
  35  3:21  SCV  
  35  3:24  Barracks Reactor, Factory Tech Lab  
  34  3:33  SCV  
  35  3:42  Command Center  
  35  3:45  SCV  
  36  3:57  SCV  
  36  4:00  Banshee  
  40  4:09  SCV  
  41  4:20  Command Center  
  41  4:21  SCV  
  44  4:31  Supply Depot  
  44  4:33  Siege Tank, SCV  
  46  4:45  SCV  
  47  4:54  Starport Reactor  
  47  4:57  SCV  
  48  5:05  Barracks  
  48  5:07  Barracks  
  48  5:08  SCV  
  48  5:11  Orbital Command  
  46  5:18  Marine x2  
  46  5:20  SCV  
  49  5:28  Engineering Bay, Siege Tank  
  49  5:29  Engineering Bay  
  49  5:32  SCV, Orbital Command  
  53  5:40  SCV  
  53  5:41  Marine  
  55  5:44  Refinery, SCV  
  55  5:46  Refinery, Medivac  
  58  5:50  Medivac  
  58  5:52  SCV  
  61  6:00  Marine x2, SCV  
  61  6:02  Stimpack  
  61  6:03  Barracks Tech Lab  
  62  6:05  SCV x2  
  62  6:08  Terran Infantry Armor Level 1  
  62  6:10  Terran Infantry Weapons Level 1  
  64  6:12  Marine, SCV  
  64  6:17  Medivac  
  68  6:18  Marine x2  
  68  6:22  Siege Tank  
  73  6:29  Marine  
  73  6:30  Marine  
  72  6:36  Marine, Armory  
  72  6:38  SCV x2  
  75  6:40  Marine  
  75  6:46  Marine  
  76  6:48  Marine, Combat Shields  
  76  6:50  SCV  
  76  6:54  Marine  
  79  6:55  SCV, Orbital Command  
  79  6:58  Marine  
  82  7:02  SCV  
  82  7:04  Marine  
  82  7:06  Marine  
  85  7:09  SCV  
  85  7:12  Marine  
  85  7:18  Supply Depot  
  85  7:20  Supply Depot  
  85  7:22  Barracks  
  85  7:24  Barracks  
  85  7:26  Marine  
  85  7:36  Supply Depot  
  85  7:37  Supply Depot  
  85  7:39  Marine x3, Medivac, Siege Tank, SCV x2  
  85  7:40  SCV  
  90  7:53  Marine  
  90  7:57  Marine x3  
  94  7:59  Medivac  
  94  8:00  SCV  
  94  8:02  Supply Depot, SCV  
  94  8:03  Supply Depot, SCV  
  99  8:09  Medivac  
  99  8:11  Marine  
  99  8:12  SCV, Terran Infantry Weapons Level 2  
  104  8:13  Terran Infantry Armor Level 2  
  104  8:15  Barracks Reactor x2  
  102  8:21  SCV  
  102  8:25  Marine x3  
  102  8:26  Siege Tank  
  109  8:29  Marine  
  109  8:30  Factory  
  109  8:32  Refinery  
  109  8:33  SCV  
  111  8:35  Refinery  
  111  8:40  SCV  
  111  8:41  SCV  
  113  8:45  SCV  
  113  8:47  Marine, Sensor Tower  
  115  8:48  Marine  
  115  8:53  SCV x2  
  118  8:58  Siege Tank  
  121  9:04  Marine  
  121  9:05  Marine x5  
  121  9:06  Marine x2  
  122  9:40  Supply Depot, Factory Tech Lab  
  122  9:41  Supply Depot  
  122  9:42  Supply Depot  
  120  9:46  Command Center  
  120  10:01  Marine x6  
  120  10:03  Marine x2, SCV  
  129  10:08  Siege Tank  
  129  10:09  Medivac x2  
  135  10:19  Marine x6  
  135  10:20  Factory, Marine x2  
  142  10:38  Marine x3, SCV  
  142  10:39  Marine  
  142  10:40  Marine, SCV  
  142  10:41  Marine x2  
  141  10:44  Medivac, Siege Tank  
  141  10:47  Medivac  
  142  10:50  Marine  
  142  10:51  SCV  
  142  10:52  SCV  
  142  10:56  Marine x3  
  138  10:57  Marine  
  138  10:58  Marine x2  
  138  10:59  Marine  
  142  11:14  Marine x2, SCV x2  
  142  11:15  Marine x3  
  142  11:16  Siege Tank  
  142  11:17  Marine x3  
  145  11:26  SCV x2  
  145  11:31  Marine x2  
  149  11:32  Marine x2  
  149  11:33  Marine  
  149  11:35  Marine x3  
  149  11:38  SCV x2  
  149  11:48  Siege Tank  
  149  11:49  Marine x2  
  149  11:50  Marine x2, SCV x2  
  149  11:51  Marine  
  149  11:53  Marine  
  149  11:54  Terran Infantry Weapons Level 3, Marine, Terran Infantry Armor Level 3  
  148  11:58  Marine  
  150  12:01  Medivac  
  150  12:02  SCV  
  150  12:07  Marine x2  
  155  12:17  Marine  
  155  12:18  Marine  
  157  12:41  Marine  
  157  12:48  Supply Depot  
  157  12:50  Supply Depot x2  
  157  12:52  Marine x2  
  157  13:00  Marine  
  157  13:02  Marine x2  
  157  13:03  Marine  
  156  13:09  Siege Tank  
  156  13:10  Siege Tank  
  149  13:18  Marauder  
  148  13:23  Marine x2  
  148  13:24  Marine, Orbital Command  
  148  13:25  Marine x3  
  154  13:31  Command Center  
  154  13:33  Barracks  
  154  13:34  Barracks  
  154  13:36  Starport  
  154  13:39  Marine  
  155  13:41  Marine x3  
  155  13:42  Siege Tank x2  
  155  13:43  Marine x3  
  167  13:57  Marine  
  167  13:59  Marine x3  
  167  14:01  Marine x3  
  174  14:15  Marine  
  172  14:17  Marine x3  
  172  14:18  Marine  
  172  14:19  Marine x2  
  178  14:26  Marine  
  178  14:27  Marine  
  180  14:32  Marine  
  181  14:42  Marine x3  
  184  14:46  Marine x2  
  184  14:47  Starport Reactor, Marine x3  
  184  14:51  Marauder  
  191  14:58  Siege Tank x2  
  192  15:00  Marine x3  
  192  15:04  Marine  
  192  15:06  Sensor Tower  
  196  15:21  Supply Depot  
  196  15:37  Marine  
  196  15:39  Marine x2  
  196  15:40  Marine x6  
  196  15:41  Siege Tank x2  
  151  15:55  Marine  
  151  15:56  Marine x2  
  146  15:58  Marine x5  
  146  15:59  Marine  
  146  16:02  Medivac x2  
  149  16:13  Marine, Siege Tank x2  
  149  16:14  Marine x2  
  149  16:15  Marine  
  149  16:16  Marine x3  
  162  16:32  Medivac x2  
  161  16:34  Marine  
  161  16:35  Marine x3  
  161  16:36  Marine  
  165  16:45  Siege Tank  
  168  16:49  Siege Tank  
  171  17:01  Medivac  
  173  17:09  Marine  
  173  17:10  Marine x5  
  157  17:50  Barracks Reactor x2  
  131  18:13  Barracks Reactor  
  123  18:22  Viking  
  125  18:27  Viking  
  125  18:28  Planetary Fortress  
  125  18:29  SCV  
  128  18:51  SCV  
  128  18:52  Viking  
Show
View Real Time Build Order
Export as new Build Order

Lobo Terran - Winner!

Build Orders: Reaper Expand, Bio Tank 

Get SALT Encoding   

  12  0:01  SCV  
  13  0:13  SCV  
  14  0:17  Supply Depot  
  14  0:25  SCV  
  15  0:39  SCV  
  15  0:42  Barracks  
  16  0:45  Refinery  
  16  0:51  SCV  
  17  1:03  SCV  
  18  1:15  SCV  
  19  1:29  Reaper, Orbital Command  
  20  1:44  Command Center  
  20  1:53  Supply Depot  
  20  1:55  SCV  
  21  2:07  Barracks Reactor  
  21  2:10  SCV  
  22  2:17  Bunker  
  22  2:22  Factory, SCV  
  23  2:26  Refinery  
  23  2:34  SCV  
  24  2:43  Marine x2  
  26  2:48  SCV  
  27  2:57  Orbital Command  
  27  3:00  SCV  
  27  3:04  Marine x2  
  30  3:06  Factory Tech Lab  
  30  3:10  Starport  
  30  3:15  SCV  
  31  3:23  SCV  
  31  3:26  Marine x2  
  34  3:31  Cyclone  
  34  3:33  SCV  
  38  3:37  Engineering Bay  
  37  3:42  SCV  
  37  3:44  Marine x2  
  37  3:46  SCV  
  41  3:50  Viking  
  41  3:54  Supply Depot  
  43  4:04  Missile Turret  
  43  4:05  Missile Turret  
  43  4:07  Missile Turret  
  43  4:12  SCV x2  
  43  4:16  Marine x2  
  46  4:22  Siege Tank  
  50  4:24  SCV  
  50  4:29  Supply Depot  
  50  4:33  SCV  
  50  4:42  Marine x2  
  50  4:45  SCV x2  
  53  4:52  Supply Depot  
  53  4:57  SCV  
  53  4:58  SCV  
  56  5:00  Marine x2, Siege Tank  
  56  5:05  Viking  
  60  5:09  SCV  
  60  5:11  SCV  
  62  5:21  Marine x2, SCV  
  65  5:26  Command Center  
  65  5:32  Siege Tank  
  65  5:34  SCV  
  69  5:38  Supply Depot  
  69  5:40  Refinery  
  69  5:42  Refinery  
  69  5:49  SCV  
  70  5:57  SCV  
  70  5:58  Barracks Tech Lab  
  70  6:01  SCV  
  70  6:06  Siege Tank  
  70  6:09  SCV  
  70  6:10  Supply Depot  
  74  6:13  Barracks, SCV  
  74  6:15  Barracks  
  74  6:18  Marine  
  76  6:19  Stimpack  
  76  6:23  SCV  
  77  6:25  SCV  
  78  6:35  Barracks  
  78  6:36  Barracks  
  78  6:39  Engineering Bay  
  78  6:44  Orbital Command  
  78  6:48  Starport Reactor  
  78  6:52  Siege Tank  
  78  6:54  SCV  
  82  6:55  SCV  
  82  6:58  Marine  
  84  7:04  Terran Infantry Weapons Level 1  
  84  7:05  Terran Infantry Armor Level 1  
  84  7:06  Barracks Reactor  
  84  7:09  SCV  
  84  7:11  Marine  
  84  7:12  Marine  
  87  7:16  Marine  
  87  7:18  SCV  
  87  7:21  SCV  
  90  7:27  Barracks Reactor x2  
  90  7:29  Marine  
  91  7:30  Siege Tank, SCV, Orbital Command  
  91  7:31  Medivac  
  91  7:32  Medivac  
  91  7:33  SCV  
  100  7:38  Supply Depot  
  100  7:41  Supply Depot  
  100  7:43  SCV  
  101  7:56  Marine x5  
  101  7:57  SCV x2  
  108  8:00  Armory  
  108  8:02  Medivac x2  
  108  8:04  Siege Tank  
  108  8:05  SCV  
  116  8:17  Missile Turret  
  116  8:18  Missile Turret  
  115  8:20  SCV x2  
  115  8:22  Missile Turret  
  115  8:24  Marine x2  
  115  8:25  Marine, Missile Turret  
  119  8:29  SCV  
  119  8:32  SCV  
  121  8:40  Marine x3  
  121  8:41  Combat Shields  
  124  8:46  SCV  
  125  8:51  Refinery  
  125  8:52  Refinery  
  125  8:54  Siege Tank, SCV  
  129  9:01  Marine x5  
  129  9:02  Marine  
  130  9:07  Medivac x2  
  122  9:13  SCV x2  
  122  9:17  Marine x3  
  123  9:28  Marine x2  
  123  9:29  Marine x2  
  124  9:34  SCV x2  
  124  9:35  Orbital Command  
  126  9:38  Marine x3  
  126  9:40  Siege Tank  
  126  9:43  Terran Infantry Weapons Level 2  
  131  9:46  SCV  
  131  9:52  Terran Infantry Armor Level 2  
  132  10:03  SCV  
  133  10:08  SCV  
  133  10:13  SCV  
  133  10:19  Siege Tank, SCV  
  133  10:20  Supply Depot  
  137  10:26  Marine  
  137  10:27  Marine x3  
  141  10:41  Marine x3, Medivac x2  
  139  10:45  Marine x3  
  142  10:52  Marine  
  142  10:53  Marine x2  
  133  10:59  Marine x3, Siege Tank  
  133  11:02  Marine  
  133  11:03  Marine x2  
  142  11:08  Terran Vehicle Weapons Level 1  
  142  11:10  Marine x2  
  144  11:17  Marine x4  
  142  11:25  SCV x2  
  144  11:27  Supply Depot  
  144  11:28  Supply Depot x2  
  144  11:29  Supply Depot  
  144  11:35  Marine x4  
  148  11:42  Factory  
  148  11:44  Siege Tank  
  148  11:45  Factory  
  134  11:49  Marine, Sensor Tower  
  134  11:50  Marine  
  134  11:51  Marine x3  
  134  11:53  Marine x2  
  135  12:04  Marine, Medivac x2  
  135  12:05  Marine  
  141  12:12  Marine x5  
  145  12:20  Marine x2  
  145  12:22  Marine, Siege Tank  
  149  12:28  Marine  
  151  12:30  Marine x2  
  151  12:34  Medivac x2  
  154  12:58  Orbital Command  
  154  12:59  Marine x3  
  154  13:00  Marine x3  
  154  13:05  Marine x2, Siege Tank  
  124  13:25  Marine  
  124  13:26  Marine x4  
  129  13:37  Siege Tank  
  132  13:51  Marine x4  
  136  14:00  Terran Infantry Weapons Level 3  
  136  14:04  Marine x4  
  136  14:09  Siege Tank  
  143  14:19  Marine x4  
  143  14:21  Factory Tech Lab x2  
  147  14:30  Sensor Tower  
  146  14:41  Siege Tank  
  149  14:51  Orbital Command  
  149  14:57  Siege Tank x2  
  149  14:59  Terran Infantry Armor Level 3  
  155  15:09  Refinery  
  155  15:17  Medivac  
  155  15:18  Medivac  
  155  15:19  Command Center  
  159  15:32  Siege Tank x2  
  159  15:33  Siege Tank  
  159  15:34  Marine x3  
  159  15:35  Marine x2  
  139  15:48  Marine x2  
  139  15:49  Marine  
  115  15:51  Marine  
  115  15:52  Marine x2  
  115  15:56  Marine x2  
  116  16:10  Siege Tank x2  
  116  16:11  Siege Tank  
  115  16:12  Marine x4  
  115  16:13  Marine x2  
  115  16:15  SCV x2  
  123  16:30  Marine x2  
  123  16:31  Marine x2  
  127  16:36  Planetary Fortress  
  127  16:37  SCV x2  
  129  16:43  Medivac  
  129  16:45  Marine x2  
  133  16:49  SCV  
  133  16:59  Marine x5  
  138  17:11  Siege Tank x3  
  138  17:12  Marine x2  
  131  17:32  Marine  
  131  17:33  Marine x4  
  136  17:42  Orbital Command  
  111  18:06  Siege Tank x2  
  111  18:07  Marine  
  111  18:12  Marine x2  
  114  18:50  SCV x2  
  116  18:56  Refinery  
  116  18:57  Refinery  
  116  18:59  Refinery  
  116  19:02  SCV  
  95  19:17  Marine x4  
  95  19:18  Marine x3  
  102  19:26  Siege Tank  
  85  19:41  Marine x5  
  79  19:54  Marine  
  79  19:55  Marine x3  
  79  19:59  Marine x3  
  86  20:12  Marine  
  82  20:26  Command Center  
Tags
 
Add a new tag
Caveats
  • Supply blocks, unpowered buildings, or Contaminate may cause inaccurate times.
  • Supply counts are checked every 10 seconds.